Map: Ley Lines

Players

Zoun

  • Race: Protoss Protoss
  • Spawn Location: 1:00

Reynor - Winner!

  • Race: Zerg Zerg
  • Spawn Location: 7:00

Event: Esports World Cup 2025

VOD

Have the link to the VOD?

Description

Time

  • Played on: July 24, 2025, 5:24 a.m.
  • Length: 12:30

All games in this series

Show
View Real Time Build Order
Export as new Build Order

Zoun Protoss 

Build Orders: 1 Gate Expand, Oracle Opening, Phoenix Opening 

Get SALT Encoding   

  12  0:00  Probe  
  13  0:12  Probe  
  14  0:19  Pylon  
  14  0:24  Probe  
  15  0:34  Probe  
  15  0:42  Gateway, Probe  
  16  0:49  Assimilator  
  17  0:52  Probe  
  18  1:04  Probe  
  19  1:16  Probe  
  20  1:26  Nexus  
  20  1:37  Cybernetics Core  
  20  1:40  Probe  
  20  1:46  Assimilator  
  21  1:52  Probe  
  22  1:55  Pylon  
  22  2:03  Adept  
  22  2:04  Probe  
  25  2:16  Probe  
  25  2:19  Stargate  
  26  2:23  Adept  
  26  2:27  Warp Gate  
  26  2:28  Probe  
  27  2:34  Probe  
  29  2:40  Probe  
  29  2:42  Probe  
  32  2:52  Probe x2, Adept  
  36  3:00  Phoenix  
  36  3:04  Probe  
  39  3:06  Probe  
  40  3:13  Pylon  
  40  3:16  Probe  
  40  3:17  Oracle  
  40  3:19  Probe  
  45  3:28  Gateway  
  45  3:29  Probe  
  45  3:31  Probe  
  47  3:42  Gateway, Probe  
  47  3:43  Probe  
  47  3:45  Oracle  
  49  3:54  Probe  
  53  4:02  Nexus  
  53  4:05  Probe  
  54  4:10  Probe  
  54  4:12  Pylon  
  54  4:13  Pylon  
  54  4:21  Assimilator  
  54  4:25  Assimilator  
  54  4:29  Pylon  
  54  4:30  Probe x2  
  54  4:31  Adept  
  58  4:35  Adept  
  60  4:42  Probe x2, Adept  
  60  4:43  Twilight Council  
  64  4:47  Shield Battery  
  64  4:54  Probe  
  64  4:55  Adept  
  64  4:56  Probe  
  68  5:02  Adept x2  
  68  5:06  Probe  
  73  5:08  Probe  
  73  5:11  Blink  
  74  5:16  Probe  
  74  5:17  Probe  
  74  5:18  Probe, Adept  
  78  5:24  Probe  
  78  5:25  Probe, Adept  
  78  5:26  Probe  
  82  5:32  Probe  
  84  5:37  Forge  
  84  5:41  Probe  
  86  5:46  Probe  
  80  5:50  Probe  
  80  5:51  Stalker x2  
  80  5:53  Probe  
  80  5:58  Probe  
  80  6:00  Gateway  
  80  6:02  Gateway  
  80  6:03  Protoss Ground Weapons Level 1, Templar Archives  
  79  6:05  Probe x2  
  79  6:07  Pylon  
  79  6:09  Pylon  
  81  6:13  Probe  
  82  6:19  Assimilator  
  82  6:22  Assimilator, Stalker x3  
  88  6:26  Probe  
  88  6:27  Psionic Storm, Probe x2  
  88  6:32  Gateway  
  91  6:37  Gateway x2  
  91  6:45  Robotics Facility  
  91  6:52  Photon Cannon  
  91  6:56  Pylon  
  91  6:58  High Templar x2  
  91  6:59  Pylon  
  95  7:02  Charge  
  95  7:04  Probe  
  95  7:07  High Templar  
  98  7:11  Pylon  
  98  7:14  Nexus  
  98  7:15  Pylon  
  98  7:23  Gateway x2  
  98  7:24  High Templar  
  98  7:25  High Templar  
  102  7:32  Warp Prism  
  102  7:36  Sentry  
  106  7:37  Shield Battery  
  106  7:39  Photon Cannon  
  106  7:44  Shield Battery  
  106  7:46  Photon Cannon, Zealot x2  
  106  7:47  Pylon  
  108  7:59  Nexus, High Templar x2, Zealot  
  108  8:00  Zealot x3  
  108  8:04  Archon  
  120  8:11  Observer  
  121  8:13  High Templar, Zealot  
  125  8:22  High Templar, Zealot x4  
  125  8:23  Zealot  
  135  8:45  Zealot x8  
  135  8:46  Zealot  
  143  8:49  Observer  
  143  8:54  Probe x2  
  143  8:55  Fleet Beacon  
  142  8:58  Stargate, Probe, Zealot  
  142  9:00  Protoss Ground Weapons Level 2  
  145  9:06  Probe  
  145  9:09  Observer  
  147  9:12  Probe x3  
  150  9:18  Probe  
  150  9:20  Zealot x5  
  157  9:34  Zealot x3  
  157  9:35  Tempest  
  161  9:39  Pylon, Assimilator  
  161  9:41  Tempest  
  161  9:42  Assimilator  
  161  9:44  Pylon  
  161  9:45  Pylon  
  151  9:54  Observer  
  151  9:58  Zealot x2  
  151  9:59  Zealot x5  
  153  10:06  Zealot x3  
  142  10:11  Probe x3  
  127  10:19  High Templar x4  
  127  10:20  Tempest  
  135  10:23  Archon x2  
  135  10:24  Zealot x3  
  141  10:28  Observer  
  141  10:30  High Templar  
  141  10:33  Zealot x2  
  146  10:38  Observer  
  146  10:40  Probe  
  134  10:43  Observer  
  134  10:48  Tempest  
  125  10:52  Zealot x5  
  123  11:01  Zealot x2  
  123  11:03  Tempest  
  131  11:09  Probe x2  
  131  11:11  High Templar x3  
  125  11:23  Observer  
  125  11:24  High Templar, Zealot x5  
  132  11:31  Probe x2  
  119  11:33  Probe  
  119  11:34  Observer  
  96  11:43  Probe x2  
  96  11:45  Probe  
  87  11:51  High Templar x3  
  93  11:55  Probe x2  
  93  11:57  Probe, High Templar  
  94  12:03  Cybernetics Core  
  86  12:07  Probe x2  
  86  12:10  Probe  
Show
View Real Time Build Order
Export as new Build Order

Reynor Zerg - Winner!

Build Orders: Hatch First, Lurkers 

Get SALT Encoding   

  12  0:00  Drone  
  13  0:08  Drone  
  14  0:14  Drone, Extractor  
  15  0:21  Overlord  
  15  0:40  Drone  
  16  0:46  Hatchery  
  16  0:49  Drone  
  16  0:52  Drone  
  16  0:56  Drone  
  18  1:06  Extractor  
  17  1:11  Spawning Pool  
  17  1:15  Drone  
  17  1:18  Drone  
  18  1:27  Drone  
  19  1:38  Drone  
  20  1:48  Overlord  
  20  1:58  Queen x2  
  20  2:00  Drone  
  25  2:03  Drone  
  26  2:09  Zergling x2  
  26  2:10  Zergling x2  
  28  2:16  Metabolic Boost  
  28  2:19  Drone  
  28  2:22  Drone  
  30  2:31  Drone x2  
  30  2:35  Queen  
  34  2:45  Zergling x2  
  34  2:50  Hatchery  
  34  2:52  Zergling x2  
  34  2:56  Overlord  
  35  3:03  Zergling x2  
  36  3:14  Overlord, Queen  
  36  3:17  Drone  
  36  3:18  Drone x3  
  42  3:20  Zergling x2  
  42  3:25  Drone  
  44  3:27  Spore Crawler  
  44  3:28  Drone  
  44  3:36  Overlord  
  44  3:37  Drone  
  44  3:40  Queen  
  47  3:43  Drone  
  47  3:45  Drone  
  47  3:46  Drone  
  50  3:49  Overlord  
  50  3:52  Spore Crawler  
  50  3:55  Drone x2  
  51  3:57  Drone  
  51  4:02  Overlord  
  52  4:05  Drone x2  
  52  4:06  Drone  
  54  4:11  Drone  
  54  4:13  Drone x3  
  58  4:17  Spore Crawler  
  58  4:22  Drone x2, Overlord  
  59  4:26  Drone x3  
  62  4:34  Zergling x4  
  62  4:35  Drone  
  65  4:40  Drone x2, Evolution Chamber  
  65  4:41  Queen  
  65  4:44  Overlord  
  68  4:48  Zergling x6  
  68  4:51  Zergling x4  
  73  4:53  Overlord  
  73  4:59  Roach Warren  
  72  5:01  Overlord  
  72  5:02  Drone  
  72  5:03  Drone  
  74  5:08  Drone x3  
  74  5:09  Drone x3  
  74  5:12  Overlord  
  74  5:13  Drone x2  
  82  5:18  Lair  
  82  5:25  Drone x2  
  82  5:26  Drone x2  
  82  5:27  Extractor  
  85  5:28  Extractor  
  85  5:29  Zerg Missile Weapons Level 1  
  85  5:31  Hatchery  
  85  5:32  Zergling x2  
  85  5:34  Zergling x4  
  85  5:35  Zergling x2  
  87  5:40  Overlord  
  87  5:41  Zergling x2  
  87  5:42  Zergling x8  
  91  5:45  Zergling x4  
  88  5:50  Drone x2  
  88  5:54  Drone x2  
  88  5:56  Drone x2  
  87  5:58  Drone  
  87  6:01  Drone  
  87  6:03  Extractor  
  88  6:04  Extractor  
  88  6:06  Drone x2  
  88  6:08  Drone  
  88  6:09  Drone  
  88  6:10  Drone  
  88  6:11  Drone x2  
  94  6:12  Overlord  
  94  6:13  Drone  
  94  6:15  Extractor  
  94  6:16  Hydralisk Den  
  93  6:21  Drone x2  
  93  6:25  Drone  
  96  6:28  Overlord  
  96  6:29  Drone  
  96  6:32  Drone x3  
  100  6:35  Drone x2  
  100  6:36  Infestation Pit  
  101  6:40  Zergling x4  
  101  6:46  Hydralisk x3  
  103  6:47  Grooved Spines  
  103  6:48  Hydralisk  
  111  6:55  Hydralisk  
  111  6:56  Hydralisk, Zergling x4  
  111  6:57  Zergling x4  
  111  6:58  Drone  
  111  6:59  Drone, Extractor  
  120  7:02  Hydralisk x2  
  120  7:03  Hydralisk  
  120  7:05  Drone x3, Overlord  
  120  7:07  Overlord  
  128  7:12  Drone  
  128  7:15  Drone, Hive  
  130  7:18  Drone, Extractor  
  130  7:19  Drone x4  
  134  7:23  Lurker Den, Overlord  
  134  7:24  Drone x2  
  134  7:27  Evolution Chamber  
  134  7:33  Hydralisk x2  
  134  7:34  Zergling x2  
  134  7:36  Hydralisk  
  141  7:41  Overlord  
  140  7:44  Drone x2  
  140  7:49  Hydralisk x3  
  140  7:50  Zergling x6  
  140  7:51  Hatchery  
  150  7:52  Overlord  
  150  7:57  Hydralisk x3  
  144  8:01  Zergling x14  
  144  8:04  Muscular Augments  
  151  8:06  Zerg Missile Weapons Level 2  
  151  8:07  Zerg Melee Weapons Level 1  
  151  8:09  Drone x2  
  151  8:11  Drone  
  154  8:18  Overlord  
  154  8:19  Zergling x16  
  162  8:26  Seismic Spines  
  162  8:29  Lurker x3  
  162  8:30  Overseer  
  162  8:32  Zergling x18  
  174  8:34  Overlord  
  174  8:41  Hydralisk x3  
  173  8:42  Zergling x2  
  168  8:49  Hydralisk x2  
  168  8:50  Zergling x12  
  168  8:54  Lurker x2  
  176  8:58  Lurker  
  176  9:01  Zergling x10  
  176  9:02  Hydralisk x2  
  182  9:03  Zergling x6  
  182  9:06  Overlord  
  189  9:15  Lurker x3  
  189  9:16  Hydralisk  
  194  9:17  Zergling x6  
  194  9:19  Overlord  
  194  9:23  Adaptive Talons  
  197  9:28  Hydralisk  
  197  9:34  Adrenal Glands  
  195  9:39  Hydralisk x3  
  186  9:56  Hydralisk  
  186  9:57  Zergling x28  
  191  10:00  Hydralisk x2, Zergling x2  
  191  10:01  Zergling x6  
  191  10:02  Hydralisk x2  
  191  10:04  Hydralisk x3  
  191  10:09  Lurker x2  
  191  10:10  Hydralisk x2, Zergling x4  
  184  10:15  Hydralisk x2  
  184  10:16  Zergling x8  
  184  10:19  Hydralisk  
  184  10:20  Zergling x6  
  193  10:23  Hydralisk  
  193  10:24  Zergling x6  
  193  10:25  Extractor  
  193  10:28  Lurker, Hydralisk, Extractor  
  196  10:29  Zergling x2  
  190  10:39  Hydralisk x4  
  190  10:40  Zergling x8  
  190  10:41  Zergling x2  
  181  10:52  Hydralisk x2  
  181  10:53  Zergling x8  
  184  11:09  Spire  
  175  11:11  Hydralisk x4  
  175  11:12  Zergling x2  
  175  11:18  Hatchery  
  177  11:21  Hydralisk x5  
  182  11:26  Hydralisk x2  
  182  11:27  Zergling x2  
  182  11:32  Hydralisk x3  
  170  11:34  Hydralisk x2  
  170  11:35  Zergling x10  
  163  11:43  Hydralisk x3, Zergling x2  
  158  11:53  Lurker x3  
  161  11:56  Zergling x16  
  161  11:57  Zergling x2  
Tags
 
Add a new tag
Caveats
  • Supply blocks, unpowered buildings, or Contaminate may cause inaccurate times.
  • Supply counts are checked every 10 seconds.